 Dungeon Crawl Stone Soup version 0.30-a0-533-g4794bfbd1c (webtiles) character file.

Game seed: 14989481270447775524

441 Bnni the Vexing (level 7, -5/45 (51) HPs)
             Began as a Formicid Hexslinger on Dec 24, 2022.
             Killed by nerve-wracking pain
             ... invoked by Grinder
              (12 damage)
             ... on level 4 of the Dungeon.
             The game lasted 00:07:00 (3071 turns).

Bnni the Vexing (Formicid Hexslinger)               Turns: 3071, Time: 00:07:01

HP:   -5/45 (51)    AC:  2    Str: 14    XL:     7   Next: 22%
MP:   10/10         EV: 12    Int: 15    God:
Gold: 160           SH:  0    Dex: 14    Spells: 3/11 levels left

rFire   . . .      SeeInvis +    a - +1 sling
rCold   . . .      Faith    .    (no shield)
rNeg    . . .      Spirit   .    c - +0 robe
rPois   .          Reflect  .    (helmet unavailable)
rElec   .          Harm     .    (no cloak)
rCorr   .          Rampage  .    (no gloves)
Will    .....                    (no boots)
Stlth   +                        (no amulet)
HPRegen 0.27/turn                (no ring)
MPRegen 0.12/turn                (no ring)

@: heavily drained
A: permanent stasis, dig shafts and tunnels, antennae 3, four strong arms
a: Dig, Shaft Self


You were on level 4 of the Dungeon.
You visited 1 branch of the dungeon, and saw 4 of its levels.

You collected 160 gold pieces.

Inventory:

Hand Weapons
 a - a +1 sling (weapon)
 p - a +1 dagger of venom
Missiles
 e - 4 poisoned darts
Armour
 c - a +0 robe (worn)
Wands
 g - a wand of iceblast (7)
Scrolls
 b - a scroll of poison
 f - a scroll of teleportation {unknown}
 h - a scroll of immolation {unknown}
 k - a scroll of blinking {unknown}
 l - a scroll of fear {unknown}
 o - a scroll of noise {unknown}
 q - a scroll of fog {unknown}
Potions
 d - 2 potions of lignification {unknown}
 i - a potion of haste {unknown}
 j - 3 potions of invisibility {unknown}
 m - 2 potions of degeneration {unknown}
 n - 3 potions of curing {unknown}
 r - a potion of magic {unknown}


   Skills:
 + Level 2.9 Fighting
 * Level 4.2 Ranged Weapons
 - Level 1.7 Dodging
 + Level 2.6 Spellcasting
 * Level 5.8 Hexes
 + Level 2.2 Fire Magic


You had 3 spell levels left.
You knew the following spells:

 Your Spells              Type           Power      Damage    Failure   Level
a - Slow                  Hex            76%        N/A       1%          1
b - Inner Flame           Hex/Fire       14%        N/A       12%         3
d - Cause Fear            Hex            9%         N/A       19%         4

Your spell library contained the following spells:

 Spells                   Type           Power      Damage    Failure   Level
 Portal Projectile        Hex/Tloc       20%        N/A       19%         3
 Gell's Gravitas          Tloc           1%         N/A       54%         3
 Lesser Beckoning         Tloc           2%         N/A       54%         3
 Teleport Other           Tloc           1%         N/A       54%         3


Dungeon Overview and Level Annotations

Branches:
Dungeon (4/15)
 Temple: D:4-7

Altars:
Hepliaklqana

Annotations:
D:4 Grinder


Innate Abilities, Weirdness & Mutations

You cannot be hasted, slowed, berserked, paralysed or teleported.
You can dig through walls and to a lower floor.
You have a pair of large antennae on your head. (SInv)
Your four strong arms can wield two-handed weapons with a shield.


Message History

Grinder closely misses you.
Casting: Slow (safe; 1% risk of failure)
Confirm with . or Enter, or press ? or * to list all spells.
Aiming: Slow (safe; 1% risk of failure)
Press: ? - help, Shift-Dir - straight line, f/p - Grinder
Aim: Grinder, carrying a wand of flame (3) (heavily wounded, chance to affect: 51%) Grinder seems to slow down.
Grinder hits you.
Unknown command.
You shoot a sling bullet.
The sling bullet closely misses Grinder.
You shoot a sling bullet. The sling bullet barely misses Grinder.
Grinder zaps a wand.
The puff of flame misses you.
You shoot a sling bullet. The sling bullet hits Grinder.
Grinder is severely wounded.
Grinder hits you.
You writhe in agony.
You are too injured to fight recklessly!
You are too injured to fight recklessly!
You are too injured to fight recklessly!
Fire: a) +1 sling
Press: ? - help, Shift-Dir - straight line, f/p - Grinder
Aim: Grinder, carrying a wand of flame (2) (severely wounded, slow, 57% to hit)
You shoot a sling bullet. The sling bullet hits Grinder.
Grinder is severely wounded.
Grinder hits you!
* * * LOW HITPOINT WARNING * * *
You writhe in agony.
* * * LOW HITPOINT WARNING * * *
Fire: a) +1 sling
Press: ? - help, Shift-Dir - straight line, f/p - Grinder
Aim: Grinder, carrying a wand of flame (2) (severely wounded, slow, 57% to hit)
You shoot a sling bullet. The sling bullet hits Grinder.
Grinder is almost dead.
Grinder barely misses you.
Fire: a) +1 sling
Press: ? - help, Shift-Dir - straight line, f/p - Grinder
Aim: Grinder, carrying a wand of flame (2) (almost dead, slow, 57% to hit)
You shoot a sling bullet. The sling bullet barely misses Grinder.
Grinder gestures at you. Pain shoots through your body!
You die...

#..# #.# ##.### #..#
#.# ##.#.#. #..# #.#
#.###.. ## #..#
##.#.#. .. #..#
##.... #. ###.>#
#.##. #.#....# #.##.
##.....## #.##.
#...@...# .######.##.
#...5................
#.........#########..
#.#.....##.# #..
....)....# .# ####..
###.#.###.# # #...†.
#.#. .# #....# # #.
.# #..... ........


You could see Grinder (slow).

Vanquished Creatures
  Sigmund (D:2)
  Blork the orc (D:4)
  2 orc priests (D:3)
  Natasha (D:2)
  4 gnolls (D:3)
  5 adders
  A worm (D:3)
  2 dart slugs
  4 orcs (D:3)
  8 ball pythons
  5 endoplasms
  2 giant cockroaches (D:1)
  2 goblins
  3 hobgoblins
  7 bats
  3 frilled lizards
  5 kobolds
  2 rats
58 creatures vanquished.

Notes
Turn   | Place    | Note
-------+----------+-------------------------------------------
     0 | D:1      | Bnni the Formicid Hexslinger began the quest for the Orb.
     0 | D:1      | Reached XP level 1. HP: 15/15 MP: 2/2
   272 | D:1      | Reached XP level 2. HP: 21/21 MP: 3/3
   532 | D:1      | Reached skill level 4 in Hexes
   849 | D:2      | Reached XP level 3. HP: 22/26 MP: 5/5
   853 | D:2      | Learned a level 3 spell: Inner Flame
  1155 | D:2      | Noticed Sigmund
  1170 | D:2      | Killed Sigmund
  1171 | D:2      | Reached skill level 5 in Hexes
  1171 | D:2      | Reached skill level 1 in Fire Magic
  1171 | D:2      | Reached XP level 4. HP: 27/34 MP: 3/7
  1171 | D:2      | Reached XP level 5. HP: 31/39 MP: 3/8
  1171 | D:2      | Reached XP level 6. HP: 36/45 MP: 3/9
  1272 | D:2      | Learned a level 4 spell: Cause Fear
  1448 | D:2      | Noticed Natasha
  1461 | D:2      | Killed Natasha
  1479 | D:2      | Found a hazy altar of Hepliaklqana.
  2399 | D:3      | You fall into a shaft and drop 1 floor!
  2498 | D:4      | Noticed Blork the orc
  2507 | D:4      | Killed Blork the orc
  2508 | D:4      | Reached XP level 7. HP: 24/51 MP: 8/10
  3045 | D:4      | Noticed Grinder
  3071 | D:4      | Killed from afar by Grinder

Illustrated notes

Levels and vault maps discovered:
D:1:      dpeg_arrival_castle, layout_basic
D:2:      layout_basic, basic_altar, st_stairs_14, uniq_sigmund, uniq_natasha
D:3:      layout_loops_cross
D:4:      layout_loops_ring, mainiacjoe_overflow_catwalk, uniq_blork_the_orc,
          uniq_grinder

Skill      XL: |  1  2  3  4  5  6 |
---------------+-------------------+-----
Hexes          | 4 5 |  5.8
Fighting       | 2 |  2.9
Ranged Weapons | 3 4 |  4.2
Spellcasting   | 2 |  2.6
Fire Magic     | 1 2 |  2.2
Dodging        | |  1.7

Action                   |  1- 3 |  4- 6 |  7- 9 || total
-------------------------+-------+-------+-------++-------
Melee: Dagger            |       |     7 |       ||     7
       Punch             |       |     1 |       ||     1
 Fire: Sling             |    87 |    98 |    61 ||   246
 Cast: Slow              |     6 |     7 |     2 ||    15
       Inner Flame       |       |     2 |       ||     2
Armor: Robe              |     7 |     8 |       ||    15
Dodge: Dodged            |    40 |    34 |    13 ||    87

Table legend: (Time is in decaauts)
 A = Elapsed time spent in this place.
 B = Non-inter-level travel time spent in this place.
 C = Inter-level travel time spent in this place.
 D = Time resting spent in this place.
 E = Time spent auto-exploring this place.
 F = Levels seen in this place.
 G = Mean time per level.
                   A        B        C        D        E       F      G
               +--------+--------+--------+--------+--------+-----+--------+
         Total |   3128 |   3082 |     46 |    367 |   2211 |   4 |  782.0 |
       Dungeon |   3128 |   3082 |     46 |    367 |   2211 |   4 |  782.0 |
               +--------+--------+--------+--------+--------+-----+--------+

Top non-repeatable levels by time:
     D:3: 1018 daAuts
     D:2: 903 daAuts
     D:1: 859 daAuts
     D:4: 346 daAuts
